 Dungeon Crawl Stone Soup version 0.20.1-1-g8b1a95d (webtiles) character file.

16356 Chifra the Thaumaturge (level 12, -1/69 HPs)
             Began as a Deep Elf Ice Elementalist on July 8, 2017.
             Was an Elder of Kikubaaqudgha.
             Slain by a catoblepas (11 damage)
             ... on level 5 of the Lair of Beasts.
             The game lasted 01:14:26 (18937 turns).

Chifra the Thaumaturge (Deep Elf Ice Elementalist) Turns: 18937, Time: 01:14:26

Health: -1/69      AC: 16    Str:  3 (6)  XL:     12   Next: 9%
Magic:  2/28       EV:  2    Int: 23 (25) God:    Kikubaaqudgha [****..]
Gold:   805        SH:  0    Dex: 13 (15) Spells: 8/32 levels left

rFire    . . .     SeeInvis .   u - +8 dagger
rCold    . . .     Gourm    .   l - +3 buckler {rPois}
rNeg     + + +     Faith    .   n - +0 leather armour
rPois    ∞         Spirit   .   (no helmet)
rElec    .         Reflect  .   (no cloak)
rCorr    .         Harm     .   (no gloves)
MR       ++++.     Clarity  +   (no boots)
Stlth    +++++.....             x - amulet of the Four Winds {rN+ MR+++ Clar}
Regen    0.3/turn               q - ring of stealth
MPRegen  0.3/turn               h - +5 ring of protection

@: icy armour, petrified, slow
A: no striking features
a: Receive Corpses, Renounce Religion


You were on level 5 of the Lair of Beasts.
You worshipped Kikubaaqudgha.
Kikubaaqudgha was greatly pleased with you.
You were not hungry.

You visited 4 branches of the dungeon, and saw 17 of its levels.
You also visited: Ossuary.

You collected 915 gold pieces.
You spent 110 gold pieces at shops.

Inventory:

Hand Weapons
 u - a +8 dagger (weapon)
Armour
 l - a +3 buckler of poison resistance (worn)
 n - a +0 leather armour (worn)
Magical Staves
 C - an uncursed staff of energy
Jewellery
 a - a cursed ring of loudness {unknown}
 d - a +3 ring of intelligence
 h - a +5 ring of protection (right hand)
 q - a ring of stealth (left hand)
 x - the amulet of the Four Winds (around neck) {rN+ MR+++ Clar}
   (You found it on level 6 of the Dungeon)

   [amulet of nothing]

   It protects you from negative energy.
   It affects your resistance to hostile enchantments.
   It protects you against confusion.
 H - a cursed -2 ring of slaying {unknown}
Wands
 D - a wand of lightning (8/15)
 K - a wand of digging (14/24)
Scrolls
 g - 2 scrolls of fear
 j - 3 scrolls of identify
 p - 8 scrolls of teleportation
 y - 2 scrolls of magic mapping
 B - 4 scrolls of recharging
 E - 2 scrolls of enchant armour
 F - a scroll of silence
 G - a scroll of amnesia
 I - a scroll of torment
 M - a scroll of remove curse
Potions
 e - a potion of invisibility
 f - 10 potions of curing
 i - 3 potions of resistance
 k - 2 potions of might
 m - 4 potions of mutation
 r - 4 potions of heal wounds
 t - 2 potions of cancellation
 w - 4 potions of lignification
 A - 2 potions of brilliance
Books
 b - a book of Frost

   Spells                             Type                      Level
   a - Freeze                         Ice                          1
   b - Throw Frost                    Conjuration/Ice              2
   c - Ozocubu's Armour               Charms/Ice                   3
   d - Throw Icicle                   Conjuration/Ice              4
   e - Summon Ice Beast               Ice/Summoning                4
 o - Kikubaaqudgha's Reference Book on Evil Rituals
   (Kikubaaqudgha gifted it to you on level 2 of the Lair of Beasts)

   Spells                             Type                      Level
   a - Animate Dead                   Necromancy                   4
   b - Excruciating Wounds            Charms/Necromancy            5
   c - Cigotuvi's Embrace             Necromancy                   5
   d - Dispel Undead                  Necromancy                   5
   e - Simulacrum                     Ice/Necromancy               6
 v - Kikubaaqudgha's Catalogue of Unholy Rites
   (Kikubaaqudgha gifted it to you on level 7 of the Dungeon)

   Spells                             Type                      Level
   a - Pain                           Necromancy                   1
   b - Corpse Rot                     Necromancy                   2
   c - Sublimation of Blood           Necromancy                   2
   d - Vampiric Draining              Necromancy                   3
   e - Control Undead                 Necromancy                   4
Comestibles
 c - 7 bread rations
 s - 3 meat rations
 z - 4 royal jellies


   Skills:
 + Level 5.9 Fighting
 - Level 2.0 Short Blades
 + Level 9.6 Dodging
 + Level 10.3 Stealth
 - Level 4.1 Shields
 + Level 10.5 Spellcasting
 - Level 5.2 Conjurations
 - Level 3.0 Charms
 + Level 7.7 Necromancy
 + Level 9.4 Ice Magic


You had 8 spell levels left.
You knew the following spells:

 Your Spells              Type           Power        Failure   Level  Hunger
a - Freeze                Ice            ####         1%          1    None
b - Throw Frost           Conj/Ice       #####.       1%          2    None
c - Ozocubu's Armour      Chrm/Ice       #####...     2%          3    None
d - Throw Icicle          Conj/Ice       #####...     4%          4    #......
e - Sublimation of Blood  Necr           #####.....   1%          2    None
f - Vampiric Draining     Necr           #####.....   1%          3    None
g - Animate Dead          Necr           N/A          4%          4    #......
h - Dispel Undead         Necr           #####...     12%         5    ####...


Dungeon Overview and Level Annotations

Branches:
Dungeon (10/15)            Temple (1/1) D:5            Lair (5/6) D:8
  Swamp (0/4) Lair:2        Slime (0/5) Lair:5          Orc (1/2) D:9
  Snake: Lair:2-4    Spider: Lair:2-4

Altars:
Ashenzari
Cheibriados
Dithmenos
Elyvilon
Fedhas
Gozag
Hepliaklqana
Kikubaaqudgha
Makhleb
Nemelex Xobeh
Okawaru
Qazlal
Ru
Sif Muna
Trog
Uskayaw
Vehumet
Xom
Yredelemnul
Zin
The Shining One
Beogh
Jiyva

Shops:
D:4 [

Annotations:
D:3 tygarin234's ghost, amateur DgCj
Orc:1 Nergalle; Urug


Message History

You are engulfed in calcifying dust.
Your limbs have turned to stone.
The catoblepas breathes a plume of calcifying dust at you.
The blast of calcifying dust hits you! The catoblepas gores you!
You have turned to stone.
You are engulfed in calcifying dust.
The catoblepas gores you but does no damage.
You are engulfed in calcifying dust.
The catoblepas gores you!
* * * LOW HITPOINT WARNING * * *
You are engulfed in calcifying dust.
The catoblepas gores you but does no damage.
You are engulfed in calcifying dust.
The catoblepas breathes a plume of calcifying dust at you.
The blast of calcifying dust hits you! The catoblepas gores you!!
* * * LOW HITPOINT WARNING * * *
The catoblepas breathes a plume of calcifying dust at you.
The blast of calcifying dust hits you!
You are engulfed in calcifying dust.
The catoblepas gores you!!
You die...
Kikubaaqudgha rasps: "You have failed me!
Welcome... oblivion!"

### ##.# ###
#####..#######.#### ###
...##PS....#..##..#.#.####.#
.Y..........................
........###........##.#.....
.#.....###..Y...P#####.#....
..#?#.. ##@.......#P##.....
. #.... #......#.....#....
..... ##....P#.....+....
P..... #....##...#PP....
...... #.....##..####....
##.....#.## #.... #P....P#..
#..... .........> .......
...........


You could see a catoblepas.

Vanquished Creatures
  A hydra (Lair:4)
  2 two-headed ogres (D:8)
  A death yak (Lair:4)
  A black mamba (Lair:5)
  5 spiny frogs
  A rime drake (Lair:1)
  3 komodo dragons
  3 blink frogs (Lair:5)
  2 hippogriffs
  19 yaks
  2 wyverns
  A vampire mosquito (D:9)
  6 water moccasins
  Menkaure (D:5)
  5 porcupines
  3 orc warriors
  2 phantoms
  A sky beast (D:7)
  2 ogres (D:9)
  9 wolves
  3 centaurs
  6 crocodiles
  A big kobold (D:5)
  16 bullfrogs
  A gnoll sergeant (D:9)
  A wyvern skeleton (D:7)
  12 scorpions
  4 killer bees (D:7)
  5 crimson imps
  A human zombie (Ossuary)
  2 quasits
  A centaur zombie (D:7)
  A bullfrog skeleton (D:7)
  A jelly (D:5)
  2 hounds (D:9)
  4 orc wizards
  9 orc priests
  Natasha (thrice) (D:4)
  5 iguanas
  9 worker ants
  A hound zombie (D:6)
  2 mummies (Ossuary)
  A worker ant zombie (D:5)
  7 gnolls
  6 adders
  2 scorpion zombies (Ossuary)
  3 shadow imps
  An ooze (D:3)
  An adder zombie (D:6)
  An adder skeleton (D:9)
  2 worms
  5 dart slugs
  5 leopard geckos
  39 orcs
  A ball python (D:1)
  6 bats
  2 giant cockroaches
  A gnoll zombie (Ossuary)
  10 goblins
  8 hobgoblins
  14 jackals
  5 quokkas
  6 frilled lizards
  3 hobgoblin zombies (Ossuary)
  2 jackal zombies
  15 kobolds
  A kobold zombie (Ossuary)
  A leopard gecko zombie (D:5)
  4 orc zombies (Ossuary)
  10 rats
322 creatures vanquished.

Vanquished Creatures (others)
  A centaur zombie (Ossuary)
  A mummy (Ossuary)
  A scorpion zombie (Ossuary)
  A hobgoblin zombie (Ossuary)
  An orc zombie (Ossuary)
  3 fungi
  4 plants (Lair:4)
12 creatures vanquished.

Grand Total: 334 creatures vanquished

Notes
Turn   | Place    | Note
-------+----------+-------------------------------------------
     0 | D:1      | Chifra the Deep Elf Ice Elementalist began the quest for the Orb.
     0 | D:1      | Reached XP level 1. HP: 10/10 MP: 6/6
   302 | D:1      | Reached XP level 2. HP: 15/15 MP: 4/8
   706 | D:1      | Reached XP level 3. HP: 10/19 MP: 4/9
   713 | D:1      | Learned a level 2 spell: Throw Frost
   717 | D:1      | Learned a level 3 spell: Ozocubu's Armour
  1103 | D:2      | Reached skill level 1 in Charms
  2003 | D:2      | Reached XP level 4. HP: 24/24 MP: 9/11
  2866 | D:3      | Reached skill level 1 in Fighting
  2883 | D:3      | Noticed tygarin234's ghost (amateur DgCj)
  3050 | D:3      | Reached XP level 5. HP: 28/29 MP: 7/12
  3416 | D:3      | Learned a level 4 spell: Throw Icicle
  3429 | D:3      | Noticed an ogre
  3714 | D:4      | Found Joelyij's Armour Emporium.
  3722 | D:4      | Bought a +0 buckler of poison resistance for 110 gold pieces
  3737 | D:4      | Reached skill level 1 in Shields
  3830 | D:4      | Found a sand-covered staircase.
  3877 | Ossuary  | Entered an ossuary
  4250 | Ossuary  | Reached XP level 6. HP: 31/34 MP: 2/14
  5274 | Ossuary  | Reached XP level 7. HP: 38/38 MP: 13/15
  6155 | D:4      | Noticed Natasha
  6161 | D:4      | Killed Natasha
  6360 | D:4      | Noticed Natasha
  6367 | D:4      | Killed Natasha
  6869 | D:4      | Noticed Natasha
  6877 | D:4      | Killed Natasha
  6884 | D:5      | Entered Level 5 of the Dungeon
  7278 | D:5      | Reached skill level 5 in Spellcasting
  7278 | D:5      | Reached XP level 8. HP: 43/43 MP: 14/17
  7322 | D:5      | Noticed Menkaure
  7330 | D:5      | Killed Menkaure
  7330 | D:5      | Reached skill level 5 in Stealth
  7330 | D:5      | Reached skill level 5 in Ice Magic
  7595 | D:5      | Reached skill level 5 in Dodging
  7746 | D:5      | HP: 1/44 [ice beast (11)]
  8530 | D:5      | Found a staircase to the Ecumenical Temple.
  8539 | Temple   | Entered the Ecumenical Temple
  8648 | Temple   | Became a worshipper of Kikubaaqudgha
 10010 | D:7      | Reached XP level 9. HP: 49/49 MP: 20/20
 10363 | D:7      | Reached * piety under Kikubaaqudgha
 10363 | D:7      | Identified Kikubaaqudgha's Catalogue of Unholy Rites (Kikubaaqudgha gifted it to you on level 7 of the Dungeon)
 10363 | D:7      | Received a gift from Kikubaaqudgha
 10368 | D:7      | Learned a level 2 spell: Sublimation of Blood
 10372 | D:7      | Learned a level 3 spell: Vampiric Draining
 10736 | D:7      | Reached skill level 1 in Necromancy
 11238 | D:8      | Noticed a two-headed ogre
 11592 | D:8      | Found a staircase to the Lair.
 12014 | D:8      | Noticed a two-headed ogre
 12023 | D:8      | Killed a two-headed ogre
 12023 | D:8      | Reached XP level 10. HP: 48/56 MP: 7/23
 12252 | D:9      | Noticed a two-headed ogre
 12260 | D:8      | Killed a two-headed ogre
 12260 | D:8      | Reached skill level 1 in Short Blades
 12260 | D:8      | Reached skill level 5 in Conjurations
 12566 | D:9      | Reached ** piety under Kikubaaqudgha
 12930 | D:9      | Found a staircase to the Orcish Mines.
 12931 | D:9      | Found a roughly hewn altar of Beogh.
 13413 | D:10     | Entered Level 10 of the Dungeon
 13535 | Orc:1    | Entered Level 1 of the Orcish Mines
 13535 | Orc:1    | Noticed Nergalle
 13535 | Orc:1    | Noticed Urug
 13535 | Orc:1    | Noticed a cyclops
 13535 | Orc:1    | Noticed a two-headed ogre
 13694 | Lair:1   | Entered Level 1 of the Lair of Beasts
 14003 | Lair:1   | Noticed a spiny frog
 14017 | Lair:1   | Killed a spiny frog
 14165 | Lair:1   | Reached skill level 5 in Necromancy
 14477 | Lair:1   | Reached XP level 11. HP: 62/62 MP: 25/25
 14610 | Lair:1   | Reached skill level 5 in Fighting
 14942 | Lair:2   | Reached *** piety under Kikubaaqudgha
 14942 | Lair:2   | Identified Kikubaaqudgha's Reference Book on Evil Rituals (Kikubaaqudgha gifted it to you on level 2 of the Lair of Beasts)
 14942 | Lair:2   | Received a gift from Kikubaaqudgha
 15150 | Lair:1   | Learned a level 4 spell: Animate Dead
 15156 | Lair:1   | Learned a level 5 spell: Dispel Undead
 15440 | Lair:2   | Found a staircase to the Swamp.
 17144 | Lair:4   | Noticed a death yak
 17147 | Lair:4   | Noticed a death yak
 17147 | Lair:4   | Noticed a death yak
 17147 | Lair:4   | Noticed a death yak
 17149 | Lair:4   | Noticed a death yak
 17181 | Lair:4   | Killed a death yak
 17428 | Lair:3   | Reached skill level 10 in Spellcasting
 17845 | Lair:4   | Reached skill level 10 in Stealth
 17863 | Lair:4   | Reached **** piety under Kikubaaqudgha
 18211 | Lair:4   | Noticed a seven-headed hydra
 18227 | Lair:4   | Killed a seven-headed hydra
 18560 | Lair:5   | Found a staircase to the Slime Pits.
 18561 | Lair:5   | Found a viscous altar of Jiyva.
 18601 | Lair:5   | Reached XP level 12. HP: 54/69 MP: 21/28
 18893 | Lair:5   | Noticed a catoblepas
 18937 | Lair:5   | Slain by a catoblepas

Skill      XL: |  1  2  3  4  5  6  7  8  9 10 11 |
---------------+----------------------------------+-----
Dodging        | 3 4 6 7 8 9 |  9.6
Stealth        | 3 4 6 7 8 10 | 10.3
Charms         | 1 2 3 |  3.0
Fighting       | 1 2 3 4 5 |  5.9
Spellcasting   | 4 5 6 7 8 10 | 10.5
Ice Magic      | 4 5 7 8 9 |  9.4
Shields        | 1 3 4 |  4.1
Conjurations   | 2 4 5 |  5.2
Necromancy     | 3 5 7 |  7.7
Short Blades   | 2 |  2.0

Action                   |  1- 3 |  4- 6 |  7- 9 | 10-12 || total
-------------------------+-------+-------+-------+-------++-------
Melee: Unarmed           |     3 |       |       |       ||     3
       Dagger            |    44 |   148 |   200 |   273 ||   665
 Cast: Freeze            |    58 |    79 |   151 |   198 ||   486
       Ozocubu's Armour  |       |     6 |    15 |    32 ||    53
       Throw Frost       |       |     3 |     1 |       ||     4
       Throw Icicle      |       |     6 |    51 |    37 ||    94
       Vampiric Draining |       |       |     2 |    47 ||    49
       Animate Dead      |       |       |       |     1 ||     1
  Use: Scroll            |     1 |    11 |    15 |    14 ||    41
       Potion            |       |     3 |     5 |     6 ||    14
 Stab: Sleeping          |     3 |     8 |    24 |    23 ||    58
       Distracted        |       |       |       |     1 ||     1
       Invisible         |       |       |       |     1 ||     1
  Eat: Chunk             |    12 |     7 |    24 |    17 ||    60
       Meat ration       |       |       |       |     1 ||     1
       Fruit             |       |       |       |     1 ||     1
Armor: Robe              |    12 |    28 |    28 |       ||    68
       Skin              |       |       |     1 |       ||     1
       Leather armour    |       |       |    26 |   101 ||   127
Dodge: Dodged            |    63 |   139 |   221 |   333 ||   756
Block: Buckler           |       |    18 |    86 |   182 ||   286
